 Dungeon Sprint DCSS version 0.19-a0-578-g4cfc824 (webtiles) character file.

88219 Groucho the Slayer (level 15, -13/162 HPs)
             Began as a Minotaur Fighter on June 8, 2016.
             Was the Champion of Dithmenos.
             Killed from afar by an electric golem (28 damage)
             ... with a bolt of lightning
             ... in the Dungeon (Sprint VII: "The Pits") on June 9, 2016.
             The game lasted 00:32:30 (12098 turns).

Groucho the Slayer (Minotaur Fighter)              Turns: 12098, Time: 00:32:31

Health: -13/162    AC: 40    Str: 27    XL:     15   Next: 45%
Magic:  0/19       EV: 15    Int:  5    God:    Dithmenos [******]
Gold:   58         SH: 18    Dex: 15    Spells: 0 memorised, 14 levels left

rFire  + + .     SeeInvis +     v - +7 broad axe (freeze)
rCold  + + .     Gourm    .     n - +8 gold dragon armour
rNeg   + . .     Faith    .     c - +0 shield
rPois  +         Spirit   +     (helmet restricted)
rElec  .         Dismiss  .     A - +1 cloak
rCorr  .         Reflect  .     y - +1 pair of gloves
SustAt .         Harm     .     s - +0 pair of boots
MR     +....     NoTele   +     E - amulet "Qyedd" {Spirit Str+2}
Stlth  ..........               O - ring "Offor" {rF+ rC+ rN+ SInv}
                                b - +3 ring of dexterity

@: exhausted, slowed, wreathed by umbra, studying Long Blades, very slow,
somewhat resistant to hostile enchantments, extremely unstealthy
A: retaliatory headbutt, horns 2
a: Shadow Step, Shadow Form, Renounce Religion


You were in the Dungeon.
You worshipped Dithmenos.
Dithmenos was exalted by your worship.
You were not hungry.

You visited 1 branch You collected 58 gold pieces.

Inventory:

Hand Weapons
 u - a +2 morningstar of crushing
 v - a +7 broad axe of freezing (weapon)
Missiles
 r - 34 stones (quivered)
Armour
 c - a +0 shield (worn)
 n - a +8 gold dragon armour (worn)
 s - a +0 pair of boots (worn)
 y - a +1 pair of gloves (worn)
 A - a +1 cloak (worn)
Jewellery
 b - a +3 ring of dexterity (left hand)
 h - the amulet "Tobos" {rElec rF+ rC+ Regen+}
   (You found it in the Dungeon)

   [amulet of regeneration]

   It protects you from fire.
   It protects you from cold.
   It insulates you from electricity.
   It increases your rate of regeneration.
 D - an uncursed ring of see invisible
 E - the amulet "Qyedd" (around neck) {Spirit Str+2}
   (You found it in the Dungeon)

   [amulet of guardian spirit]

   It causes incoming damage to be split between your health and magic.
   It affects your strength (+2).
 F - the amulet of Azonn {Reflect Int+2 SH+2}
   (You found it in the Dungeon)

   [amulet of reflection]

   It shields you and reflects attacks.
   It affects your intelligence (+2).
   It affects your SH (+2).
 K - the ring "Jiocown" {rPois rF++ rC+ MR+}
   (You found it in the Dungeon)

   [ring of poison resistance]

   It greatly protects you from fire.
   It protects you from cold.
   It protects you from poison.
   It affects your resistance to hostile enchantments.
 L - the ring of Generosity {+Inv rPois rF+ Str+6}
   (You found it in the Dungeon)

   [ring of strength]

   It affects your strength (+6).
   It protects you from fire.
   It protects you from poison.
   It lets you turn invisible.
 M - the ring "Bekannak" {rC+ Dex+3}
   (You found it in the Dungeon)

   [ring of protection from cold]

   It affects your dexterity (+3).
   It protects you from cold.
 N - the ring "Qedyxaxe" {AC+6 Str+5 Int+4}
   (You found it in the Dungeon)

   [ring of protection]

   It affects your AC (+6).
   It affects your strength (+5).
   It affects your intelligence (+4).
 O - the ring "Offor" (right hand) {rF+ rC+ rN+ SInv}
   (You found it in the Dungeon)

   [ring of protection from fire]

   It protects you from fire.
   It protects you from cold.
   It protects you from negative energy.
   It lets you see invisible.
 P - a +5 ring of slaying
Wands
 G - a wand of enslavement (10/24)
 I - a wand of heal wounds (4/9)
 J - a wand of hasting (5/9)
Scrolls
 k - a scroll of magic mapping
 l - 2 scrolls of identify
 o - 4 scrolls of remove curse
 p - 5 scrolls of amnesia
 q - a scroll of summoning
 x - a scroll of enchant weapon
 B - 2 scrolls of recharging
 C - a scroll of fog
Potions
 d - a potion of might
 e - 9 potions of curing
 g - a potion of heal wounds
 i - 4 potions of magic
 j - 3 potions of berserk rage
 t - a potion of brilliance
 w - a potion of degeneration {unknown}
Books
 z - a manual of Long Blades
Comestibles
 a - 36 fruits
 f - 6 bread rations
 m - 2 meat rations


   Skills:
 * Level 22.7 Fighting
 * Level 22.7 Axes
 * Level 22.7 Armour
 + Level 15.8 Dodging
 * Level 22.7 Shields
 + Level 15.8 Unarmed Combat
 * Level 6.7 Evocations


You had 14 spell levels left.
You didn't know any spells.

Dungeon Overview and Level Annotations

Branches:
Dungeon (1/1)

Altars:
Ashenzari
Cheibriados
Dithmenos
Elyvilon
Fedhas
Gozag
Kikubaaqudgha
Makhleb
Nemelex Xobeh
Okawaru
Pakellas
Qazlal
Ru
Sif Muna
Trog
Vehumet
Xom
Yredelemnul
Zin
The Shining One
Beogh
Jiyva
Lugonu


Innate Abilities, Weirdness & Mutations

You reflexively headbutt those who attack you in melee.
You have a pair of horns on your head.


Message History

The electric golem is almost destroyed.
The electric golem blinks!
Unknown command.
Unknown command.
Unknown command.
You are too berserk!
Unknown command.
The electric golem hurls lightning at you.
The bolt of lightning misses you.
You feel a strong urge to attack something.
The electric golem crackles and sizzles.
There is an open door, spattered with blood here.
Things that are here:
an arbalest; 26 bolts; a yaktaur corpse You are no longer berserk.
You are exhausted.
You feel yourself slow down.
The electric golem hurls lightning at you.
The bolt of lightning hits you!
You die...

*,***,+**,**,**#+#
***,***,+**,,,##.##
,+,,,+,,,**+,*#...#
***,***,**,**++...*
* *** *********#)#*
***************#)#
,,,,,*,,,,,,,,*#.#
,,,,,*,,,,,,,,*#)#
+*****++*++****#@#
,,,,,,,,,,,,,,*#8#
,,,,,,,,*,,,,,*#.#
,,*,,*,,,,,*,,*#'#
,,,,,,,,*,,,,,*#.#
,,,,,,,,,,,,,,*#'#
+*****++*++****#.#
,,,,,*,,,,,,,,*#'#
,,,,,*,,,,,,,,*#.#


You could see an electric golem.

Vanquished Creatures
  An orb of fire (D)
  A pearl dragon (D)
  Arachne (D)
  A Tzitzimitl (D)
  A hellephant (D)
  A lich (D)
  An acid blob (D)
  A deep elf blademaster (D)
  A sphinx (D)
  A draconian monk (D)
  A daeva (D)
  A greater naga (D)
  A shadow dragon (D)
  Wiglaf (D)
  3 deep elf sorcerers (D)
  2 fire giants (D)
  2 orc warlords (D)
  Maud (D)
  An angel (D)
  A draconian caller (D)
  A reaper (D)
  A draconian annihilator (D)
  An apis (D)
  A deep elf annihilator (D)
  A black draconian (D)
  A white draconian (D)
  A mummy priest (D)
  An eidolon (D)
  2 deep elf death magi (D)
  Josephine (D)
  2 blizzard demons (D)
  A minotaur (D)
  A yaktaur captain (D)
  3 deep elf high priests (D)
  2 hydras (D)
  3 vault guards (D)
  A fire dragon (D)
  An ice dragon (D)
  A catoblepas (D)
  A spriggan air mage (D)
  An ogre mage (D)
  Harold (D)
  2 rakshasas (D)
  A centaur warrior (D)
  2 alligator snapping turtles (D)
  A dancing weapon (D)
  4 death yaks (D)
  5 deep elf knights (D)
  A fire crab (D)
  An unseen horror (D)
  A spriggan druid (D)
  A flayed ghost (D)
  A lindwurm (D)
  3 wizards (D)
  A phantasmal warrior (D)
  A hill giant (D)
  8 orc knights (D)
  A wolf spider (D)
  2 deep elf magi (D)
  A manticore (D)
  3 orange demons (D)
  A spiny frog (D)
  A molten gargoyle (D)
  Psyche (D)
  An efreet (D)
  2 yaktaurs (D)
  A red devil (D)
  A wandering mushroom (D)
  A boulder beetle (D)
  A bog body (D)
  Sigmund (D)
  3 redbacks (D)
  3 wraiths (D)
  A vampire (D)
  A water elemental (D)
  8 yaks (D)
  A large abomination (D)
  A spriggan (D)
  A fire bat (D)
  A fire elemental (D)
  3 neqoxecs (D)
  2 steam dragons (D)
  A mottled dragon (D)
  A soldier ant (D)
  A water moccasin (D)
  5 hell hounds (D)
  A porcupine (D)
  An ice beast (D)
  A sky beast (D)
  2 swamp drakes (D)
  A phantom (D)
  An ogre (D)
  An eye of draining (D)
  A crocodile (D)
  3 wolves (D)
  An earth elemental (D)
  A scorpion (D)
  A small abomination (D)
  A crimson imp (D)
  2 orc priests (D)
  A jelly (D)
  3 orc wizards (D)
  2 worker ants (D)
  An adder (D)
  A gnoll (D)
  A river rat (D)
  An ufetubus (D)
  An adder zombie (D)
  A worm (D)
  A giant gecko (D)
  6 orcs (D)
  A bat zombie (D)
  A goblin (D)
  2 kobolds (D)
  A quokka (D)
  A bat (D)
  A giant cockroach zombie (D)
  3 giant newts (D)
184 creatures vanquished.

Vanquished Creatures (others)
  A bat skeleton (D)
1 creature vanquished.

Grand Total: 185 creatures vanquished

Notes
Turn   | Place    | Note
--------------------------------------------------------------
     0 | D        | Groucho the Minotaur Fighter began the quest for the Orb.
     0 | D        | Reached XP level 1. HP: 19/19 MP: 0/0
    51 | D        | Found a sacrificial altar of Ru.
    51 | D        | Found a basalt altar of Yredelemnul.
    51 | D        | Found a shadowy altar of Dithmenos.
    51 | D        | Found a deep blue altar of Sif Muna.
    51 | D        | Found a burning altar of Makhleb.
    51 | D        | Found a shimmering altar of Xom.
    51 | D        | Found an ancient bone altar of Kikubaaqudgha.
    51 | D        | Found a sparkling altar of Nemelex Xobeh.
    52 | D        | Found a glowing golden altar of the Shining One.
    52 | D        | Found a bloodstained altar of Trog.
    52 | D        | Found a shattered altar of Ashenzari.
    52 | D        | Found a white marble altar of Elyvilon.
    52 | D        | Found a snail-covered altar of Cheibriados.
    52 | D        | Found a blossoming altar of Fedhas.
    52 | D        | Found a radiant altar of Vehumet.
    52 | D        | Found a glowing silver altar of Zin.
    52 | D        | Found a corrupted altar of Lugonu.
    52 | D        | Found a viscous altar of Jiyva.
    52 | D        | Found a roughly hewn altar of Beogh.
    52 | D        | Found an iron altar of Okawaru.
    53 | D        | Found an oddly glowing altar of Pakellas.
    55 | D        | Became a worshipper of Dithmenos the Shadowed
    59 | D        | Found a stormy altar of Qazlal.
    59 | D        | Found an opulent altar of Gozag.
    74 | D        | Reached skill level 1 in Unarmed Combat
   382 | D        | Reached * piety under Dithmenos
   393 | D        | Reached skill level 1 in Dodging
   393 | D        | Reached XP level 2. HP: 26/27 MP: 1/1
   409 | D        | Reached ** piety under Dithmenos
   699 | D        | Noticed Sigmund
   699 | D        | Noticed a deep elf mage
   735 | D        | Killed a deep elf mage
   735 | D        | Reached XP level 3. HP: 30/40 MP: 2/2
   735 | D        | Reached XP level 4. HP: 36/48 MP: 3/3
   735 | D        | Reached XP level 5. HP: 39/53 MP: 4/4
   735 | D        | Reached XP level 6. HP: 45/61 MP: 5/5
   748 | D        | Killed Sigmund
   748 | D        | Reached *** piety under Dithmenos
   748 | D        | Reached skill level 5 in Dodging
   748 | D        | Reached skill level 5 in Unarmed Combat
   748 | D        | Reached XP level 7. HP: 53/69 MP: 6/6
   970 | D        | Reached **** piety under Dithmenos
   973 | D        | Noticed a bog body
   986 | D        | Killed a bog body
  1385 | D        | Noticed an orange demon
  1402 | D        | Killed an orange demon
  1402 | D        | Reached ***** piety under Dithmenos
  1402 | D        | Reached skill level 10 in Fighting
  1402 | D        | Reached skill level 10 in Armour
  1402 | D        | Reached skill level 10 in Shields
  1402 | D        | Reached XP level 8. HP: 46/79 MP: 7/7
  1409 | D        | Reached skill level 10 in Axes
  1844 | D        | Noticed a spiny frog
  1850 | D        | Killed a spiny frog
  1967 | D        | Noticed an orange demon
  1983 | D        | Killed an orange demon
  1983 | D        | Reached ****** piety under Dithmenos
  1983 | D        | Reached XP level 9. HP: 69/89 MP: 8/8
  1985 | D        | Killed an unseen horror
  2448 | D        | Noticed an orange demon
  2451 | D        | Killed an orange demon
  2703 | D        | Noticed Harold
  2710 | D        | Killed Harold
  2716 | D        | Noticed a minotaur
  2716 | D        | Noticed an efreet
  2726 | D        | Killed a minotaur
  2726 | D        | Reached XP level 10. HP: 49/100 MP: 9/9
  2822 | D        | Noticed a death yak
  2835 | D        | Killed a death yak
  2965 | D        | Noticed a molten gargoyle
  2973 | D        | Killed a molten gargoyle
  3211 | D        | Noticed Josephine
  3228 | D        | Killed Josephine
  3735 | D        | Gained mutation: You are weak. (Str -2) [a neqoxec]
  3738 | D        | Noticed a fire crab
  3740 | D        | Gained mutation: You tend to lose your temper in combat. [a neqoxec]
  3746 | D        | Killed a fire crab
  3929 | D        | Noticed a flayed ghost
  3932 | D        | Noticed a phantasmal warrior
  3940 | D        | Reached XP level 11. HP: 98/110 MP: 10/10
  3949 | D        | Killed a flayed ghost
  3953 | D        | Noticed Wiglaf
  3956 | D        | Killed a phantasmal warrior
  3979 | D        | HP: 8/166 [Wiglaf/war axe (2)]
  3982 | D        | Killed Wiglaf
  3982 | D        | Reached skill level 15 in Fighting
  3982 | D        | Reached skill level 15 in Axes
  3982 | D        | Reached skill level 15 in Armour
  3982 | D        | Reached skill level 10 in Dodging
  3982 | D        | Reached skill level 15 in Shields
  3982 | D        | Reached skill level 10 in Unarmed Combat
  5642 | D        | Noticed Psyche
  5648 | D        | Killed Psyche
  5702 | D        | Noticed a spriggan druid
  5711 | D        | Killed a spriggan druid
  5822 | D        | Noticed an alligator snapping turtle
  5844 | D        | Killed an alligator snapping turtle
  6187 | D        | Noticed a wolf spider
  6187 | D        | Noticed a deep elf mage
  6191 | D        | Killed a wolf spider
  6192 | D        | Gained mutation: Your body sometimes deteriorates upon taking damage. [a neqoxec]
  6201 | D        | Killed a deep elf mage
  6232 | D        | Noticed an orc knight
  6232 | D        | Noticed an orc knight
  6232 | D        | Noticed an orc knight
  6271 | D        | Killed an orc knight
  6284 | D        | Noticed an orc warlord
  6285 | D        | Noticed an orc knight
  6286 | D        | Noticed an orc knight
  6298 | D        | Killed an orc knight
  6302 | D        | Killed an orc knight
  6302 | D        | Reached XP level 12. HP: 79/122 MP: 11/11
  6309 | D        | Killed an orc warlord
  6320 | D        | Noticed a rakshasa
  6324 | D        | Noticed an orc warlord
  6324 | D        | Noticed an orc warlord
  6356 | D        | Killed a rakshasa
  6692 | D        | Noticed a four-headed hydra
  6745 | D        | Killed a ten-headed hydra
  6756 | D        | Killed an orc warlord
  6968 | D        | Noticed a vault guard
  6983 | D        | Killed a vault guard
  6985 | D        | Noticed a blizzard demon
  7006 | D        | Killed a blizzard demon
  7057 | D        | Noticed a deep elf blademaster
  7088 | D        | Killed a deep elf blademaster
  7244 | D        | Noticed a yaktaur captain
  7250 | D        | Killed a yaktaur captain
  7348 | D        | Noticed a vault guard
  7352 | D        | Reached XP level 13. HP: 134/134 MP: 12/12
  7479 | D        | Noticed a white draconian
  7489 | D        | Killed a white draconian
  7749 | D        | Noticed a shadow dragon
  7749 | D        | Noticed an eidolon
  7759 | D        | Killed a shadow dragon
  7770 | D        | Killed an eidolon
  7779 | D        | Noticed an apis
  7797 | D        | Killed an apis
  7800 | D        | Noticed Maud
  7807 | D        | Noticed Arachne
  7837 | D        | Killed Arachne
  7850 | D        | Killed Maud
  7869 | D        | Reached XP level 14. HP: 33/147 MP: 13/13
  9437 | D        | Noticed a deep elf sorcerer
  9457 | D        | Killed a deep elf sorcerer
  9506 | D        | Noticed a sphinx
  9508 | D        | Paralysed by a sphinx for 7 turns
  9526 | D        | Killed a sphinx
  9707 | D        | Noticed a deep elf sorcerer
  9710 | D        | Killed a deep elf sorcerer
  9749 | D        | Noticed a deep elf sorcerer
  9772 | D        | Killed a deep elf sorcerer
  9809 | D        | Noticed a lich
  9810 | D        | Noticed a greater naga
  9810 | D        | Noticed a green draconian caller
  9845 | D        | Killed a lich
 10152 | D        | Killed a green draconian caller
 10251 | D        | Killed a greater naga
 10388 | D        | Noticed a yellow draconian annihilator
 10389 | D        | Noticed an angel
 10390 | D        | Noticed a fire giant
 10391 | D        | Noticed a red draconian monk
 10412 | D        | Killed an angel
 10431 | D        | Killed a yellow draconian annihilator
 10440 | D        | Killed a red draconian monk
 10476 | D        | Killed a fire giant
 10476 | D        | Reached skill level 15 in Dodging
 10509 | D        | Reached skill level 15 in Unarmed Combat
 10533 | D        | Got the ring "Vuequtud" {MR+ Int+5}
 10535 | D        | Got the amulet "Qyedd" {Spirit Str+2}
 10539 | D        | Got the amulet "Tobos" {rElec rF+ rC+ Regen+}
 10541 | D        | Got the amulet "Gost" {RegenMP *Contam rPois rC++}
 10544 | D        | Got the amulet of Esywku {Inacc rC+ Int+6}
 10547 | D        | Got the amulet of Egesej {Spirit *Contam Fragile MR+++ MP+9}
 10550 | D        | Got the amulet of Poxox {Gourm Str+2 Dex+7 Stlth+}
 10553 | D        | Got the amulet "Duaf" {Dismiss Str+2}
 10556 | D        | Got the amulet of Coronation {Spirit *Corrode rElec Str+2 Int+2}
 10559 | D        | Got the amulet of Hagint {Gourm SInv}
 10564 | D        | Got the amulet of Azonn {Reflect Int+2 SH+2}
 10566 | D        | Got the amulet of Qoageof {Dismiss rF+ Dex+4 SInv}
 10571 | D        | Got the ring "Norait" {Dex+2 Stlth+}
 10667 | D        | Got the ring "Baophigg" {*Drain +Blink EV+6 Int+6 Stlth+}
 10670 | D        | Got the ring "Qafal" {rElec rN+ MR+ Int+6}
 10673 | D        | Got the ring "Jiocown" {rPois rF++ rC+ MR+}
 10675 | D        | Got the ring of Generosity {+Inv rPois rF+ Str+6}
 10677 | D        | Got the ring "Bekannak" {rC+ Dex+3}
 10679 | D        | Got the ring "Heloxuc" {-Tele Int+6 Dex+6}
 10682 | D        | Got the ring "Roydgh" {+Fly rPois rC+++ MR- Int+6}
 10686 | D        | Got the ring "Okkoyt" {rN++ MR+ Str+4 Dex-3}
 10689 | D        | Got the ring "Moder" {Fire +Blink Int+4 Stlth+}
 10692 | D        | Got the ring of Torules {rElec Int+6 Dex+3 Stlth-}
 10695 | D        | Got the ring "Qedyxaxe" {AC+6 Str+5 Int+4}
 10697 | D        | Got the ring "Offor" {rF+ rC+ rN+ SInv}
 10949 | D        | Noticed a pearl dragon
 10971 | D        | Killed a pearl dragon
 11330 | D        | Reached XP level 15. HP: 160/160 MP: 15/15
 11333 | D        | Noticed an orb of fire
 11341 | D        | Gained mutation: Scrolls take you a little longer to read. [an orb of fire]
 11343 | D        | Gained mutation: Your spells are a little easier to cast, but a little less powerful. [an orb of fire]
 11347 | D        | Gained mutation: Your spells are easier to cast, but less powerful. [an orb of fire]
 11348 | D        | Killed an orb of fire
 11814 | D        | Lost mutation: Your body sometimes deteriorates upon taking damage. [potion of cure mutation]
 11814 | D        | Lost mutation: Your spells are easier to cast, but less powerful. [potion of cure mutation]
 11814 | D        | Lost mutation: You are weak. (Str -2) [potion of cure mutation]
 11815 | D        | Lost mutation: You tend to lose your temper in combat. [potion of cure mutation]
 11815 | D        | Lost mutation: Your spells are a little easier to cast, but a little less powerful. [potion of cure mutation]
 11815 | D        | Lost mutation: Scrolls take you a little longer to read. [potion of cure mutation]
 11820 | D        | Noticed an acid blob
 11826 | D        | Killed an acid blob
 12025 | D        | Reached skill level 5 in Evocations
 12032 | D        | Noticed a daeva
 12032 | D        | Noticed a Tzitzimitl
 12032 | D        | Noticed a fire giant
 12032 | D        | Noticed an electric golem
 12032 | D        | Noticed a hellephant
 12041 | D        | Killed a hellephant
 12045 | D        | Killed a fire giant
 12058 | D        | HP: 3/162 [electric golem (7)]
 12078 | D        | HP: 8/162 [daeva/divine providence (6)]
 12079 | D        | HP: 3/162 [daeva/divine providence (5)]
 12084 | D        | Killed a Tzitzimitl
 12090 | D        | Killed a daeva
 12098 | D        | Killed from afar by an electric golem

Vault maps used:
D:        pitsprint

Skill      XL: |  1  2  3  4  5  6  7  8  9 10 11 12 13 14 15 |
---------------+----------------------------------------------+-----
Armour         | 4 8 10 11 13 14 16 17 19 21 22 | 22.7
Unarmed Combat | 1 4 5 6 7 8 9 10 12 13 15 | 15.8
Axes           | 3 7 8 9 11 12 14 16 17 19 21 22 | 22.7
Fighting       | 4 8 10 11 12 14 16 17 19 21 22 | 22.7
Dodging        | 1 4 5 6 7 8 9 10 12 13 15 | 15.8
Shields        | 4 8 10 11 13 14 16 17 19 21 22 | 22.7
Evocations     | 2 6 |  6.7

Action                   |  1- 3 |  4- 6 |  7- 9 | 10-12 | 13-15 || total
-------------------------+-------+-------+-------+-------+-------++-------
Melee: Hand axe          |    18 |    12 |    62 |       |       ||    92
       Headbutt          |     2 |     3 |    28 |    77 |    79 ||   189
       War axe           |     2 |       |       |       |       ||     2
       Broad axe         |       |       |    47 |   268 |   327 ||   642
Throw: Stone             |       |       |       |       |     1 ||     1
Evoke: Wand              |       |       |       |       |     1 ||     1
  Use: Potion            |     3 |       |     3 |     8 |    19 ||    33
       Scroll            |       |       |       |     7 |     1 ||     8
 Stab: Invisible         |     3 |       |       |     8 |       ||    11
       Confused          |       |       |     1 |       |       ||     1
  Eat: Meat ration       |       |       |     1 |     1 |     3 ||     5
       Bread ration      |       |       |     1 |     1 |     1 ||     3
       Fruit             |       |       |       |     4 |       ||     4
Armor: Scale mail        |     7 |       |       |       |       ||     7
       Plate armour      |     1 |     5 |    38 |    66 |       ||   110
       Gold dragon armou |       |       |       |       |   282 ||   282
Dodge: Dodged            |     7 |     1 |    24 |    92 |   106 ||   230
Block: Shield            |     8 |       |    54 |   156 |   210 ||   428
